 Dungeon Crawl Stone Soup version 0.30-a0-715-gdb4ae3ece1 (webtiles) character file.

Game seed: 11694690597974747224

554 Rennog the Trooper (level 7, -2/58 HPs)
             Began as a Barachi Fighter on Jan 23, 2023.
             Slain by Pikel
             ... wielding a +0 whip of electrocution
              (6 damage)
             ... on level 5 of the Dungeon.
             The game lasted 00:07:51 (3981 turns).

Rennog the Trooper (Barachi Fighter)                Turns: 3981, Time: 00:07:52

Health: -2/58      AC: 13    Str: 19    XL:     7   Next: 30%
Magic:  7/7        EV:  6    Int:  8    God:
Gold:   305        SH:  5    Dex: 12    Spells: 6/6 levels left

rFire   . . .      SeeInvis .    a - +0 long sword
rCold   . . .      Faith    .    c - +0 buckler
rNeg    . . .      Spirit   .    e - +0 plate armour
rPois   .          Reflect  .    (no helmet)
rElec   .          Harm     .    (no cloak)
rCorr   .          Rampage  .    n - +0 pair of gloves
Will    .....                    (no boots) Stlth
                                 t - amulet of the acrobat
HPRegen 0.29/turn                (no ring)
MPRegen 0.10/turn                (no ring)

@: mighty, slow
A: amphibious, slowness 1, strong legs 1, +LOS
a: Hop


You were on level 5 of the Dungeon.
You visited 1 branch of the dungeon, and saw 5 of its levels.
You also visited: Sewer.

You collected 305 gold pieces.

Inventory:

Hand Weapons
 a - a +0 long sword (weapon)
Missiles
 w - 2 throwing nets
Armour
 b - a +0 scale mail
 c - a +0 buckler (worn)
 e - a +0 plate armour (worn)
 n - a +0 pair of gloves (worn)
Jewellery
 g - a ring of protection from cold
 t - an amulet of the acrobat (around neck)
Scrolls
 f - 2 scrolls of fog {unknown}
 i - 7 scrolls of identify {unknown}
 j - a scroll of amnesia {unknown}
 k - a scroll of enchant weapon {unknown}
 m - 2 scrolls of noise {unknown}
 o - 2 scrolls of magic mapping {unknown}
 s - 2 scrolls of enchant armour {unknown}
 x - 2 scrolls of blinking {unknown}
 y - a scroll of acquirement {unknown}
Potions
 h - 2 potions of brilliance {unknown}
 l - a potion of cancellation {unknown}
 p - 2 potions of berserk rage {unknown}
 q - a potion of lignification {unknown}
 r - a potion of invisibility
 u - a potion of attraction {unknown}
 v - a potion of ambrosia {unknown}
 z - a potion of degeneration {unknown}


   Skills:
 * Level 6.0 Fighting
 * Level 5.3 Long Blades
 - Level 5.0 Armour
 + Level 2.8 Dodging
 + Level 4.6 Shields


You had 6 spell levels left.
You didn't know any spells.
Your spell library contained the following spells:

 Spells                   Type           Power      Damage    Failure   Level
 Necrotise                Necr           0%         1d4       100%        1
 Summon Small Mammal      Summ           0%         N/A       100%        1
 Call Canine Familiar     Summ           0%         N/A       100%        3
 Confusing Touch          Hex            0%         N/A       100%        3
 Ignite Poison            Fire/Tmut/Pois 0%         N/A       100%        3
 Summon Guardian Golem    Hex/Summ       0%         N/A       100%        3
 Vampiric Draining        Necr           0%         2d6       100%        3
 Vhi's Electric Charge    Tloc/Air       0%         N/A       100%        3
 Agony                    Necr           0%         N/A       100%        5
 Arcjolt                  Conj/Air       0%         1d10      100%        5
 Yara's Violent Unravell  Hex/Tmut       0%         3d3       100%        5
 Maxwell's Capacitive Co  Air            0%         ∞         100%        8


Dungeon Overview and Level Annotations

Branches:
Dungeon (5/15)              Sewer (visited)
 Temple: D:4-7

Altars:
Dithmenos
Trog
Yredelemnul

Annotations:
D:5 Pikel


Innate Abilities, Weirdness & Mutations

You are amphibious.
You cover ground slowly.
You can hop short distances.
You have an extended range of vision and can be seen from far away.


Message History

Pikel is severely wounded.
Pikel hits you with a +0 whip of electrocution.
You closely miss Pikel.
Pikel is severely wounded.
Pikel hits you but does no damage.
You hit Pikel but do no damage.
Pikel is severely wounded.
Pikel hits you but does no damage.
Pikel hits you with a +0 whip of electrocution.
You closely miss Pikel.
Pikel is severely wounded.
Pikel hits you with a +0 whip of electrocution.
You miss Pikel.
Pikel is severely wounded.
Pikel waves his whip at you.
Pikel hits you with a +0 whip of electrocution.
You are electrocuted!!
* * * LOW HITPOINT WARNING * * *
You are too injured to fight recklessly!
You are too injured to fight recklessly!
You are too injured to fight recklessly!
You feel very mighty all of a sudden.
Pikel hits you with a +0 whip of electrocution.
* * * LOW HITPOINT WARNING * * *
You barely miss Pikel.
Pikel is severely wounded.
Pikel hits you but does no damage.
You barely miss Pikel.
Pikel is severely wounded.
Pikel says, "You'll feel the lick of my whip!"
Pikel hits you with a +0 whip of electrocution.
* * * LOW HITPOINT WARNING * * *
You hit Pikel.
Pikel is severely wounded.
Pikel barely misses you.
You closely miss Pikel.
Pikel is severely wounded.
Pikel barely misses you.
Pikel hits you with a +0 whip of electrocution.
You die...

..#.........................#
###......##.....#############
#.......##.....#........
##......##.....#........
#########.....#........ ###
#.....#........ ..#
#.....#55...... ..+
##'#####K55..#
..########......@#
.................#
..<..............#
##...............#
#...............#
#........######## #........#
#........# .........#


You could see Pikel and 4 lemures.

Vanquished Creatures
  An ice beast (D:5)
  2 bullfrogs (Sewer)
  A hound (D:5)
  An orc priest (D:4)
  An orc wizard (D:4)
  5 gnolls
  8 adders
  A river rat (D:4)
  2 ufetubi
  2 worms (D:4)
  3 dart slugs
  4 orcs (D:4)
  7 endoplasms
  9 giant cockroaches
  3 goblins
  4 hobgoblins
  6 kobolds
  13 quokkas
  10 ball pythons
  5 bats
  9 frilled lizards
  7 rats (D:1)
104 creatures vanquished.

Vanquished Creatures (others)
  3 plants (D:1)
3 creatures vanquished.

Grand Total: 107 creatures vanquished

Notes
Turn   | Place    | Note
-------+----------+-------------------------------------------
     0 | D:1      | Rennog the Barachi Fighter began the quest for the Orb.
     0 | D:1      | Reached XP level 1. HP: 18/18 MP: 1/1
    40 | D:1      | Reached XP level 2. HP: 3/25 MP: 2/2
   235 | D:1      | Reached skill level 4 in Fighting
   410 | D:1      | Reached XP level 3. HP: 29/30 MP: 3/3
  1125 | D:2      | Reached XP level 4. HP: 33/38 MP: 4/4
  1275 | D:2      | Reached skill level 1 in Dodging
  1749 | D:3      | Reached XP level 5. HP: 35/43 MP: 5/5
  2224 | D:4      | Found a bloodstained altar of Trog.
  2292 | D:4      | Found a basalt altar of Yredelemnul.
  2506 | D:4      | Reached skill level 5 in Fighting
  2596 | D:4      | Found a glowing drain.
  2601 | D:4      | Reached XP level 6. HP: 34/51 MP: 6/6
  2610 | Sewer    | Entered a sewer
  3141 | D:4      | Got Xebuynao's Parchment of the Igneous Wyrd
  3277 | D:4      | Found a shadowy altar of Dithmenos.
  3458 | D:5      | Entered Level 5 of the Dungeon
  3552 | D:5      | Noticed an ice beast
  3575 | D:5      | Killed an ice beast
  3576 | D:5      | Reached skill level 5 in Long Blades
  3576 | D:5      | Reached XP level 7. HP: 40/57 MP: 7/7
  3669 | D:5      | Reached skill level 5 in Armour
  3891 | D:5      | Reached skill level 6 in Fighting
  3956 | D:5      | Noticed Pikel
  3981 | D:5      | Slain by Pikel

Illustrated notes

Levels and vault maps discovered:
D:1:      elethiomel_arrival_infinity_welcomes_careful_drivers,
          layout_loops_cross, minmay_hedge_maze, minmay_misc_feat_hallway,
          minmay_misc_feat_more_columns, serial_bayou_lagoon_a,
          minmay_tiny_reverse_x
D:2:      layout_rooms, minmay_misc_feat_diagonals
D:3:      layout_loops_ring, minmay_fractal_squares_5
D:4:      layout_rooms, mainiacjoe_overflow_24_doors,
          grunt_temple_overflow_open, gup_sewer_entry_bubbles,
          reono_crystal_passage, roderic_lattice_a
D:5:      layout_gridville, uniq_pikel, uniq_ijyb, uniq_duvessa

Skill      XL: |  1  2  3  4  5  6  7 |
---------------+----------------------+-----
Fighting       | 4 5 6 |  6.0
Long Blades    | 3 4 5 |  5.3
Armour         | 4 5 |  5.0
Dodging        | 1 2 |  2.8
Shields        | 4 |  4.6

Action                     |  1- 3 |  4- 6 |  7- 9 || total
---------------------------+-------+-------+-------++-------
  Melee: Long sword        |   112 |   286 |    42 ||   440
    Use: Potion            |       |       |     1 ||     1
 Armour: Scale mail        |     6 |       |       ||     6
         Plate armour      |    84 |   232 |    21 ||   337
  Dodge: Dodged            |    36 |    96 |    13 ||   145
  Block: Buckler           |    23 |    83 |     8 ||   114

Table legend: (Time is in decaauts)
 A = Elapsed time spent in this place.
 B = Non-inter-level travel time spent in this place.
 C = Inter-level travel time spent in this place.
 D = Time resting spent in this place.
 E = Time spent auto-exploring this place.
 F = Levels seen in this place.
 G = Mean time per level.
                   A        B        C        D        E       F      G
               +--------+--------+--------+--------+--------+-----+--------+
         Total |   4651 |   4243 |    408 |    283 |   2958 |   6 |  775.2 |
       Dungeon |   4153 |   3745 |    408 |     86 |   2825 |   5 |  830.6 |
         Sewer |    498 |    498 |      0 |    197 |    133 |   1 |  498.0 |
               +--------+--------+--------+--------+--------+-----+--------+

Top non-repeatable levels by time:
     D:1: 1275 daAuts
     D:4: 981 daAuts
     D:3: 808 daAuts
     D:5: 592 daAuts
   Sewer: 498 daAuts
     D:2: 496 daAuts
